AoeStats
← BigCozy101

Black Forest

508804811Analyzed
3v3 RM · 9d ago on Sep 24, 2026· 80m 26s· 6 players
Game mode
Random Map
Map size
Normal (6 player)
Population
200
Speed
Normal
Resources
Standard
Victory
Conquest
Starting age
Dark Age
Ending age
Imperial Age
RankedLock teamsTeams togetherTeam positionsShared explorationLock speedFull tech treeHidden civsTurbo modeCheats
Victory
Defeat
🇺🇸 Persians · United States
895
+19
🇺🇸 Vietnamese · United States
626
+22
🇺🇸 Franks · United States
626
+22
🇵🇪 Chinese · Peru
687
-14
🇬🇷 Britons · Greece
591
-10
🇧🇴 Spanish · Bolivia
476
-7
NaVaRxOs
1:48 Loom
14:58 Feudal Age
16:17 Wheelbarrow
15:30 Double-Bit Axe
16:06 Town Watch
25:04 Castle Age
23:40 Horse Collar
25:12 Gold Mining
25:15 Stone Mining
26:00 Hand Cart
25:49 Heavy Plow
26:05 Bow Saw
27:01 Gold Shaft Mining
27:27 Town Patrol
30:14 Elite Skirmisher
30:22 Crossbowman
30:28 Pikeman
30:54 Gambesons
31:15 Squires
31:05 Arson
38:04 Imperial Age
37:02 Caravan
38:31 Man-at-Arms
39:47 Forging
39:28 Fletching
39:39 Padded Archer Armor
39:40 Scale Mail Armor
39:46 Scale Barding Armor
41:41 Iron Casting
41:02 Bodkin Arrow
42:34 Chain Mail Armor
42:36 Leather Archer Armor
42:38 Fortified Wall
42:19 Guard Tower
42:51 Ballistics
43:32 Chemistry
42:18 Arrowslits
42:15 Treadmill Crane
42:47 Masonry
45:42 Blast Furnace
45:04 Chain Barding Armor
45:25 Keep
44:37 Light Cavalry
44:40 Cavalier
45:39 Husbandry
46:18 Conscription
46:28 Halberdier
46:30 Long Swordsman
47:31 Cranequins
47:34 Arbalester
48:17 Murder Holes
50:02 Bracer
50:34 Ring Archer Armor
54:36 Architecture
54:12 Siege Engineers
55:11 Elite Longbowman
56:13 Yeomen
58:23 Heavy Mounted Crossbowman
Pan con Queso
1:26 Loom
10:59 Feudal Age
13:08 Wheelbarrow
12:37 Double-Bit Axe
22:42 Horse Collar
28:49 Castle Age
29:55 Hand Cart
31:26 Heavy Plow
35:50 Caravan
37:11 Bow Saw
36:54 Gold Mining
36:54 Stone Mining
40:35 Imperial Age
39:09 Gold Shaft Mining
40:17 Padded Archer Armor
40:08 Fletching
40:28 Forging
40:19 Scale Mail Armor
40:25 Scale Barding Armor
41:42 Stone Shaft Mining
42:16 Two-Man Saw
41:09 Town Watch
41:38 Elite Skirmisher
42:31 Thumb Ring
43:47 Town Patrol
44:54 Chemistry
43:44 Heated Shot
44:05 Fortified Wall
43:52 Murder Holes
44:08 Masonry
44:19 Ballistics
44:07 Sappers
44:40 Great Wall
45:26 Elite Fire Lancer
45:56 Arson
46:12 Squires
47:10 Arson
47:25 Squires
47:57 Leather Archer Armor
47:38 Bodkin Arrow
48:18 Iron Casting
47:58 Chain Mail Armor
48:04 Chain Barding Armor
54:59 Bombard Tower
55:10 Architecture
54:32 Guard Tower
54:28 Arrowslits
55:19 Ring Archer Armor
54:50 Bracer
55:50 Blast Furnace
55:21 Plate Mail Armor
55:29 Plate Barding Armor
68:42 Conscription
68:44 Rocketry
72:27 Pikeman
74:22 Halberdier
wfcwilly
8:08 Loom
12:26 Feudal Age
14:04 Horse Collar
15:50 Man-at-Arms
17:33 Wheelbarrow
16:55 Double-Bit Axe
17:25 Gold Mining
26:47 Scale Mail Armor
26:49 Padded Archer Armor
30:56 Castle Age
31:43 Heavy Plow
31:58 Bow Saw
32:07 Chain Mail Armor
31:44 Gambesons
32:05 Long Swordsman
33:45 Fletching
34:10 Husbandry
35:03 Stone Mining
36:05 Bodkin Arrow
36:31 Scale Barding Armor
37:59 Hand Cart
45:34 Imperial Age
44:11 Town Watch
47:23 Two-Man Saw
46:44 Leather Archer Armor
46:39 Forging
46:30 Bracer
46:51 Chain Barding Armor
47:12 Arrowslits
47:44 Cavalier
51:21 Chemistry
50:12 Guard Tower
52:44 Stone Shaft Mining
52:59 Thumb Ring
55:27 Paladin
61:29 Redemption
67:42 Plate Barding Armor
67:38 Ring Archer Armor
67:44 Iron Casting
67:41 Plate Mail Armor
BigCozy101
5:32 Loom
11:37 Feudal Age
12:34 Horse Collar
15:01 Double-Bit Axe
23:28 Castle Age
22:53 Padded Archer Armor
25:24 Heavy Plow
25:44 Gold Mining
29:10 Scale Barding Armor
31:52 Ballistics
31:53 Kamandaran
33:15 Crossbowman
35:51 Leather Archer Armor
35:26 Fletching
36:21 Husbandry
36:33 Bloodlines
35:50 Light Cavalry
41:08 Imperial Age
39:20 Wheelbarrow
38:30 Town Watch
38:57 Thumb Ring
39:23 Bow Saw
40:46 Elite War Elephant
41:57 Capped Ram
43:09 Town Patrol
43:25 Hand Cart
50:43 Siege Ram
51:54 Forging
51:46 Scale Mail Armor
52:08 Chain Barding Armor
52:20 Ring Archer Armor
51:46 Bodkin Arrow
53:11 Cavalier
53:17 Heavy Camel Rider
Jazzbum
11:45 Feudal Age
18:06 Castle Age
17:14 Double-Bit Axe
22:39 Bow Saw
29:30 Husbandry
30:17 Forging
34:57 Gold Mining
35:01 Stone Mining
37:38 Gold Shaft Mining
41:16 Imperial Age
41:32 Iron Casting
41:02 Scale Barding Armor
40:58 Scale Mail Armor
43:31 Caravan
45:43 Conscription
45:24 Chivalry
44:44 Ordonnance Companies
44:45 Elite Throwing Axeman
52:36 Siege Engineers
53:31 Chemistry
52:52 Ballistics
52:23 Guard Tower
52:35 Murder Holes
52:52 Masonry
52:26 Treadmill Crane
52:58 Fortified Wall
52:36 Arrowslits
52:35 Cavalier
55:02 Blast Furnace
54:18 Chain Mail Armor
54:23 Chain Barding Armor
54:54 Paladin
58:07 Plate Mail Armor
58:14 Plate Barding Armor
57:42 Padded Archer Armor
57:34 Fletching
58:22 Architecture
58:34 Wheelbarrow
57:45 Loom
57:51 Town Watch
57:35 Light Cavalry
62:23 Bodkin Arrow
62:44 Leather Archer Armor
Gack13579
15:18 Feudal Age
15:50 Double-Bit Axe
15:48 Horse Collar
20:32 Fletching
24:16 Castle Age
24:31 Crossbowman
25:05 Elite Skirmisher
27:47 Heavy Plow
27:59 Bow Saw
29:04 Gold Mining
29:05 Stone Mining
29:11 Stone Mining
32:28 Bodkin Arrow
38:14 Thumb Ring
42:37 Elite Skirmisher
47:14 Imperial Age
45:18 Padded Archer Armor
47:45 Leather Archer Armor
47:58 Arbalester
51:48 Two-Man Saw
52:42 Elite Fire Lancer
53:32 Bracer
55:20 Imperial Skirmisher
55:35 Elite Rattan Archer
67:48 Ring Archer Armor
Connection lost

Rejoining the realm…

Still unreachable

The connection could not be restored.

Session expired

The server has moved on; the page needs a fresh start.